 Dungeon Crawl Stone Soup version 0.30.0-29-ga12c61a403 (webtiles) character file.

Game seed: 5142708284603378272

945 Fodor the Covered (level 7, -8/60 HPs)
             Began as a Minotaur Fighter on June 11, 2023.
             Was a Believer of Dithmenos.
             Mangled by a slime creature (15 damage)
             ... on level 5 of the Dungeon.
             The game lasted 00:22:46 (4631 turns).

Fodor the Covered (Minotaur Fighter)                Turns: 4631, Time: 00:22:47

Health: -8/60      AC: -4    Str: 20    XL:     7   Next: 89%
Magic:  6/6        EV: 10    Int: 11    God:    Dithmenos [**....]
Gold:   278        SH:  5    Dex: 12    Spells: 6/6 levels left

rFire   . . .        p - +2 dagger (venom)
rCold   . . .        c - +0 buckler
rNeg    . . .        b - +0 scale mail
rPois   .            (helmet restricted)
rElec   .            (no cloak)
rCorr   .            (no gloves)
SInv    .            (no boots)
Will    .....        (no amulet) Stlth
                     y - +6 ring of intelligence
HPRegen 0.30/turn    (no ring)
MPRegen 0.10/turn

%: no passive effects
@: corroded, wreathed by umbra
A: horns 2, retaliatory headbutt
a: Renounce Religion, Shadow Step


You were on level 5 of the Dungeon.
You worshipped Dithmenos.
Dithmenos was pleased with you.
You visited 1 branch of the dungeon, and saw 6 of its levels.

You collected 278 gold pieces.

Inventory:

Hand Weapons
 a - a +0 long sword
 p - a +2 dagger of venom (weapon)
 x - a +0 mace of protection
 z - a +1 heavy mace
 B - a +0 arbalest
 C - a +2 dagger of venom
Missiles
 i - 69 stones
 k - 6 boomerangs (quivered)
 E - 13 poisoned darts
 F - a curare-tipped dart
Armour
 b - a +0 scale mail (worn)
 c - a +0 buckler (worn)
Jewellery
 y - a +6 ring of intelligence (left hand)
Wands
 D - a wand of acid (6)
Scrolls
 e - a scroll of enchant weapon
 g - 5 scrolls of teleportation
 h - 2 scrolls of noise
 n - a scroll of torment
 r - a scroll of magic mapping
 v - 2 scrolls of poison
 A - 2 scrolls of vulnerability
Potions
 d - 2 potions of might
 f - 5 potions of flight
 j - 2 potions of lignification
 l - a potion of mutation {unknown}
 m - a potion of magic {unknown}
 o - 3 potions of heal wounds {unknown}
 s - a potion of brilliance {unknown}
 t - 3 potions of degeneration {unknown}
 u - 2 potions of ambrosia {unknown}
 w - a potion of attraction {unknown}


   Skills:
 + Level 4.8 Fighting
 + Level 4.3(5.0) Short Blades
 + Level 4.1(5.2) Long Blades
 + Level 1.7 Throwing
 + Level 6.6 Armour
 + Level 2.5 Dodging
 + Level 1.4 Stealth
 + Level 5.4 Shields


You had 6 spell levels left.
You didn't know any spells.
Your spell library contained the following spells:

 Spells                   Type           Power      Damage    Failure   Level
 Beastly Appendage        Tmut           0%         N/A       75%         1
 Wereblood                Tmut           0%         N/A       86%         2
 Frozen Ramparts          Ice            0%         1d1       98%         3
 Spider Form              Tmut/Pois      0%         N/A       98%         3
 Anguish                  Hex/Necr       0%         N/A       100%        4
 Cause Fear               Hex            0%         N/A       100%        4
 Ice Form                 Ice/Tmut       0%         N/A       100%        4
 Summon Ice Beast         Ice/Summ       0%         N/A       100%        4
 Enfeeble                 Hex            0%         N/A       100%        7


Dungeon Overview and Level Annotations

Branches:
Dungeon (6/15)
 Temple: D:4-7

Altars:
Dithmenos
Elyvilon
Qazlal
Sif Muna
Xom

Shops:
D:3 :


Innate Abilities, Weirdness & Mutations

You have a pair of horns on your head.
You reflexively headbutt those who attack you in melee.


Message History

You headbutt the slime creature, but do no damage.
The slime creature is lightly wounded.
You hit the slime creature but do no damage.
The slime creature is poisoned.
The slime creature is lightly wounded.
You block the slime creature's attack.
You hit the slime creature but do no damage.
The slime creature is lightly wounded.
The slime creature hits you.
You hit the slime creature but do no damage.
You headbutt the slime creature.
The slime creature is lightly wounded.
The slime creature hits you!!
* * * LOW HITPOINT WARNING * * *
You hit the slime creature but do no damage.
The slime creature is lightly wounded.
The slime creature closely misses you.
You hit the slime creature.
The slime creature is lightly wounded.
You hit the slime creature.
The slime creature looks as sick as possible!
The slime creature is lightly wounded.
The slime creature barely misses you. You furiously retaliate!
You headbutt the slime creature, but do no damage.
You hit the slime creature but do no damage.
Your headbutt misses the slime creature.
The slime creature is lightly wounded.
The slime creature hits you.
* * * LOW HITPOINT WARNING * * *
You hit the slime creature.
The slime creature looks as sick as possible!
You headbutt the slime creature, but do no damage.
The slime creature is moderately wounded.
The slime creature barely misses you.
You hit the slime creature but do no damage.
The slime creature is moderately wounded.
You hit the slime creature.
The slime creature is moderately wounded.
The slime creature hits you!
You die...

..# ##########
#.#...# ..#
#.....÷÷P$
#.#...# ..#
#.÷...J...
#.##.## ..#
#.....J...
#....# ..#
#......÷.÷
#.#.## ..###
#.J...J.P. #.#.#
...<# #..J.JJ.÷.
#.#.## ..###
#'####### #....#
..#
##JJJJJ@###.#..#
###
########.##....#
#....'..###.#..#
#....#### #....#
## #.......#
#.##### ##.
#.......#
#.#...# ##....
#.......#
#.#.#.# ......
#.......#
#.#.#.####
#....# ##.....##
#†#.#....#


You could see a slime creature (extremely poisoned), 3 jellies and an endoplasm.

Vanquished Creatures
  Duvessa (D:5)
  An ogre (D:4)
  A phantom (D:4)
  3 kobold brigands (D:5)
  2 scorpions (D:5)
  Dowan (D:5)
  3 jellies (D:5)
  An iguana (D:5)
  An orc wizard (D:3)
  7 adders
  A white imp (D:5)
  2 worms
  2 dart slugs (D:1)
  3 orcs
  6 ball pythons
  5 endoplasms
  4 giant cockroaches
  6 goblins
  8 hobgoblins
  17 kobolds
  3 quokkas (D:1)
  6 bats
  2 frilled lizards
  7 rats
93 creatures vanquished.

Notes
Turn   | Place    | Note
-------+----------+-------------------------------------------
     0 | D:1      | Fodor the Minotaur Fighter began the quest for the Orb.
     0 | D:1      | Reached XP level 1. HP: 19/19 MP: 0/0
   557 | D:1      | Reached XP level 2. HP: 18/27 MP: 1/1
   881 | D:1      | Reached XP level 3. HP: 33/33 MP: 2/2
  1568 | D:2      | Reached skill level 4 in Armour
  1642 | D:2      | Reached XP level 4. HP: 28/40 MP: 3/3
  1797 | D:2      | Found a faded altar of an unknown god.
  1803 | D:2      | Prayed at the altar of an unknown god.
  1803 | D:2      | Became a worshipper of Dithmenos the Shadowed
  1803 | D:2      | Reached * piety under Dithmenos
  2019 | D:2      | Found a shimmering altar of Xom.
  2191 | D:3      | Found a white marble altar of Elyvilon.
  2192 | D:3      | Found a shimmering blue altar of Sif Muna.
  2363 | D:3      | Found Onaah's Book Emporium.
  3088 | D:4      | Noticed an ogre
  3097 | D:4      | Killed an ogre
  3098 | D:4      | Reached skill level 1 in Dodging
  3098 | D:4      | Reached XP level 5. HP: 29/47 MP: 4/4
  3168 | D:4      | You fall into a shaft and drop 2 floors!
  3189 | D:5      | Entered Level 5 of the Dungeon
  3299 | D:4      | Found a stormy altar of Qazlal.
  3621 | D:4      | Noticed a phantom
  3637 | D:4      | Killed a phantom
  3638 | D:4      | Reached XP level 6. HP: 41/53 MP: 5/5
  3843 | D:5      | Reached skill level 5 in Armour
  3843 | D:5      | Reached skill level 1 in Stealth
  3859 | D:5      | Reached ** piety under Dithmenos
  4128 | D:5      | Noticed Duvessa
  4129 | D:5      | Noticed Dowan
  4136 | D:5      | Killed Duvessa
  4137 | D:5      | Reached skill level 1 in Throwing
  4137 | D:5      | Reached skill level 5 in Shields
  4137 | D:5      | Reached XP level 7. HP: 27/60 MP: 6/6
  4143 | D:5      | Killed Dowan
  4397 | D:5      | Reached skill level 6 in Armour
  4584 | D:5      | Noticed a slime creature
  4584 | D:5      | Noticed a slime creature
  4631 | D:5      | Mangled by a slime creature

Illustrated notes

Levels and vault maps discovered:
D:1:      dpeg_arrival_fog, layout_basic
D:2:      layout_basic, basic_altar, shapermc_ecumenical_altar_petra,
          hangedman_abyss_or_decor_stabs, minmay_tiny_reverse_x
D:3:      layout_loops_ring, mainiacjoe_overflow_divided_tiny, serial_shops,
          shop
D:4:      layout_loops_ring, grunt_qazlal_clouds
D:5:      cheibrodos_fertilizer, layout_basic, uniq_duvessa
D:6:      layout_gridville, minmay_temple_entry_grid, uniq_prince_ribbit1

Skill      XL: |  1  2  3  4  5  6  7 |
---------------+----------------------+-----
Shields        | 4 5 |  5.4
Long Blades    | 3 4 |  4.1
Fighting       | 4 |  4.8
Armour         | 4 5 6 |  6.6
Short Blades   | 2 3 4 |  4.3
Dodging        | 1 2 |  2.5
Stealth        | 1 |  1.4
Throwing       | 1 |  1.7

Action                     |  1- 3 |  4- 6 |  7- 9 || total
---------------------------+-------+-------+-------++-------
  Melee: Long sword        |    49 |       |       ||    49
         Headbutt          |    11 |    27 |    17 ||    55
         Dagger            |    41 |   104 |    56 ||   201
  Throw: Stone             |     3 |       |       ||     3
         Boomerang         |       |    10 |       ||    10
    Use: Scroll            |       |    12 |       ||    12
         Potion            |       |       |     4 ||     4
 Armour: Scale mail        |    52 |    33 |     5 ||    90
  Dodge: Dodged            |    56 |    42 |    20 ||   118
  Block: Buckler           |    19 |    33 |    12 ||    64
